 Dungeon Crawl Stone Soup version 0.19-a0-28-g8794423 (webtiles) character file.

68 AlphabetPasta the Grasshopper (level 4, 0/36 (37) HPs)
             Began as a Ghoul Warper on May 1, 2016.
             Slain by Ijyb
             ... wielding a +0 club
              (3 damage)
             ... on level 2 of the Dungeon.
             The game lasted 00:06:16 (1195 turns).

AlphabetPasta the Grasshopper (Ghoul Warper)        Turns: 1195, Time: 00:06:17

HP:   0/36 (37)     AC:  0    Str: 14    XL:     4   Next: 19%
MP:   5/5           EV: 11    Int:  9    God:
Gold: 46            SH:  0    Dex:  8    Spells: 3 memorised, 1 level left

rFire  . . .     SeeInvis .       - Unarmed
rCold  + . .     Gourm    .     a - +0 leather armour
rNeg   + + +     Faith    .     (no shield)
rPois  ∞         Spirit   .     (no helmet)
rElec  .         Dismiss  .     (no cloak)
rCorr  .         Reflect  .     m - +0 pair of gloves
SustAt .         Harm     .     (no boots)
MR     .....                    (no amulet)
Stlth  +.........               (no ring)
                                (no ring)

@: corroded, rotting, not resistant to hostile enchantments, very unstealthy
A: rotting body, claws 1, carnivore 3, cold resistance 1, negative energy
resistance 3, slow regeneration 1, torment resistance, unbreathing
a: no special abilities


You were on level 2 of the Dungeon.
You were not hungry.

You visited 1 branch of the dungeon, and saw 2 of its levels.

You collected 46 gold pieces.

Inventory:

Missiles
 d - 5 tomahawks of dispersal (quivered)
Armour
 a - a +0 leather armour (worn)
 e - a +0 buckler
 m - a +0 pair of gloves (worn)
Scrolls
 g - a scroll of teleportation {unknown}
 h - a scroll of amnesia {unknown}
 i - 4 scrolls of enchant weapon {unknown}
Potions
 j - a potion of curing {unknown}
 k - a potion of lignification {unknown}
Books
 b - a book of Spatial Translocations

   Spells                             Type                      Level
   a - Apportation                    Translocation                1
   b - Blink                          Translocation                2
   c - Shroud of Golubria             Charms/Translocation         2
   d - Portal Projectile              Translocation                3
   e - Teleport Other                 Translocation                3
   f - Passage of Golubria            Translocation                4
Comestibles
 f - a meat ration


   Skills:
 + Level 2.6 Fighting
 + Level 1.1 Throwing
 + Level 1.2 Armour
 + Level 2.0 Dodging
 * Level 1.4 Shields
 + Level 2.8 Unarmed Combat
 + Level 1.9 Spellcasting
 + Level 2.9 Translocations


You had one spell level left.
You knew the following spells:

 Your Spells              Type           Power        Failure   Level  Hunger
a - Apportation           Tloc           #.........   14%         1    ##.....
b - Blink                 Tloc           N/A          21%         2    ###....
c - Shroud of Golubria    Chrm/Tloc      #.........   38%         2    ###....


Dungeon Overview and Level Annotations

Branches:
Dungeon (2/15)

Altars:
Xom

Annotations:
D:2 Ijyb


Innate Abilities, Weirdness & Mutations

Your body is rotting away.
You thrive on raw meat.
You are immune to poison.
You have sharp fingernails.
You are carnivorous and can eat meat at any time.
Your flesh is cold resistant.
You are immune to negative energy.
You regenerate slowly when monsters are visible.
You are immune to unholy pain and torment.
You can survive without breathing.


Message History

Ijyb is moderately wounded.
Ijyb screams, "I cut your head off!" Ijyb hits you with a club.
* * * LOW HITPOINT WARNING * * *
You hit Ijyb.
Ijyb is moderately wounded.
Ijyb hits you with a club.
* * * LOW HITPOINT WARNING * * *
You hit Ijyb.
Ijyb is severely wounded.
Ijyb screams, "Me stronger than you!"
Ijyb zaps a wand.
The bolt of acid misses you.
You hit Ijyb.
Ijyb is severely wounded.
Ijyb screams, "It's all mine!"
Ijyb zaps a wand.
The bolt of acid misses you.
You hit Ijyb.
Ijyb is severely wounded.
Ijyb hits you with a club.
You die...

.# .# .#########.# #.
..%......#.# #..# ########.#.#
#..# #### #.#.# #..# ...#
###.#.# #.. ##.# #.....# #..
#.#
#.#.#####################.##
#.#
#..........@g...............
#.#
###.#####################.##
#.#####.#####################.#
#......<....................§.#
#.#############################
###


You could see Ijyb.

Vanquished Creatures
  2 adders (D:2)
  An ooze (D:1)
  2 dart slugs (D:1)
  2 giant geckos (D:1)
  6 goblins
  7 hobgoblins (D:1)
  8 jackals (D:1)
  A ball python (D:1)
  A bat (D:1)
  A giant newt (D:1)
  2 kobolds (D:1)
  2 rats
35 creatures vanquished.

Vanquished Creatures (others)
  A jackal (D:2)
1 creature vanquished.

Grand Total: 36 creatures vanquished

Notes
Turn   | Place    | Note
--------------------------------------------------------------
     0 | D:1      | AlphabetPasta the Ghoul Warper began the quest for the Orb.
     0 | D:1      | Reached XP level 1. HP: 17/17 MP: 2/2
    58 | D:1      | Reached skill level 1 in Armour
   133 | D:1      | Reached skill level 1 in Throwing
   133 | D:1      | Reached XP level 2. HP: 25/25 MP: 3/3
   137 | D:1      | Learned a level 2 spell: Blink
   245 | D:1      | Reached skill level 1 in Shields
   352 | D:1      | Reached XP level 3. HP: 22/30 MP: 4/4
   477 | D:1      | Learned a level 2 spell: Shroud of Golubria
   725 | D:2      | Noticed Ijyb
   830 | D:2      | Found a shimmering altar of Xom.
   857 | D:2      | Reached XP level 4. HP: 33/37 MP: 5/5
  1195 | D:2      | Slain by Ijyb

Vault maps used:
D:1:      dpeg_arrival_yet_another_circle
D:2:      first_bread, xom_teletrap_fun, uniq_iyjb

Skill      XL: |  1  2  3 |
---------------+----------+-----
Armour         | 1 |  1.2
Throwing       | 1 |  1.1
Shields        | 1 |  1.4
Dodging        | 2 |  2.0
Fighting       | |  2.6
Unarmed Combat | |  2.8
Spellcasting   | |  1.9
Translocations | |  2.9

Action                   |  1- 3 |  4- 6 || total
-------------------------+-------+-------++-------
Melee: Unarmed           |   131 |    20 ||   151
  Use: Scroll            |       |     1 ||     1
  Eat: Chunk             |    22 |     1 ||    23
Armor: Leather armour    |    21 |     3 ||    24
Dodge: Dodged            |    78 |     8 ||    86
